Cogmind - Beta 17 @@@ ROGUE MODE // 2026.07.17 @ 12:19:21 Player: Pitt Result: Destroyed by H-61 Shepherd with Heavy Assault Cannon Performance ------------- Evolutions (2) 1000 Regions Visited (3) 600 Robots Destroyed (58) 290 Value Destroyed (1584) 1584 Prototype IDs (2) 40 Alien Tech Used (0) 0 Bonus (0) 0 TOTAL SCORE: 3514 Bonus ------- None Cogmind --------- Core Integrity 0/550 Matter 116/300 Energy 99/100 System Corruption 0% Temperature Cool (0) Movement Core (50) Location -8/Materials Parts ------- > --- POWER (1) -------- (None) > --- PROPULSION (2) --- (None) > --- UTILITY (5) ------ Machine Analyzer Hacking Suite > --- WEAPON (3) ------- (None) > --- INVENTORY (5) ---- Medium Matter Pod (84) Seismic Detector Minigun Missile Launcher Improved Datajack Peak State ------------ > --- POWER ------------ Cooled Ion Engine > --- PROPULSION ------- Carbon-fiber Leg Titanium Leg > --- UTILITY ---------- Advanced Heat Sink Small Storage Unit Machine Analyzer Light Armor Plating Hacking Suite > --- WEAPON ----------- Improved Assault Rifle Minigun Missile Launcher > --- INVENTORY -------- Light Ion Engine Medium Matter Pod Improved Terrain Scanner Seismic Detector Recalibrator Datajack Axe [Rating: 32] Favorites ----------- Power Ion Engine Engine Ion Engine Power Core Nuclear Core Propulsion Aluminum Leg Leg Aluminum Leg Wheel Wheel Utility Small Storage Unit Device Seismic Detector Storage Small Storage Unit Processor Machine Analyzer Hackware Hacking Suite Protection Light Armor Plating Weapon Minigun Ballistic Gun Minigun Launcher EMP Blaster Special Weapon Mining Laser Slashing Weapon Axe Special Melee Weapon Datajack Build | -11 -10 -9 -8 ------- Run | Yrd Mat Mat Mat Slots Evolved 4 | . . 2 2 Power . | . . . . Propulsion . | . . . . Utility 3 | . . 2 1 Weapon 1 | . . . 1 Parts Attached 44 | 6 5 13 20 Power 5 | 1 . 2 2 Engine 4 | 1 . 2 1 Core 1 | . . . 1 Reactor . | . . . . Propulsion 9 | 2 . 4 3 Treads . | . . . . Leg 7 | . . 4 3 Wheel 2 | 2 . . . Hover . | . . . . Flight . | . . . . Utility 13 | 1 2 3 7 Device 5 | . 2 1 2 Storage 1 | 1 . . . Processor 2 | . . 1 1 Hackware 1 | . . 1 . Protection 4 | . . . 4 Artifact . | . . . . Weapon 17 | 2 3 4 8 Energy Gun . | . . . . Energy Cannon . | . . . . Ballistic Gun 11 | 2 2 3 4 Ballistic Cannon . | . . . . Launcher 3 | . . . 3 Special Weapon 1 | . 1 . . Impact Weapon . | . . . . Slashing Weapon 1 | . . . 1 Piercing Weapon . | . . . . Special Melee Weapon 1 | . . 1 . Unidentified Prototypes 2 | . . . 2 Parts Lost 20 | . 1 1 18 Power 4 | . 1 1 2 Propulsion 3 | . . . 3 Utility 6 | . . . 6 Weapon 7 | . . . 7 Highest Loss Streak 8 | . 1 1 8 To Critical Strikes 1 | . . . 1 Average Backups 7 | 2 4 7 7 Power . | . . . . Propulsion . | . . . . Utility 3 | 1 2 3 4 Weapon 2 | . 1 3 1 Tool/Special . | . . . . Unused Backups 11 | 3 2 1 5 Power 1 | . . . 1 Propulsion . | . . . . Utility 6 | 1 2 1 2 Weapon 2 | 2 . . . Tool/Special 2 | . . . 2 Average Slot Usage (%) 94 | . 86 96 94 Engine 8 | . 6 9 8 Leg 12 | . . 11 16 Wheel 7 | . 26 10 . Device 15 | . 18 16 14 Storage 9 | . 7 11 8 Processor 5 | . . 4 8 Hackware 9 | . . 11 9 Protection 1 | . . . 2 Ballistic Gun 20 | . 26 18 21 Special Melee Weapon 1 | . . 3 . Peak Build Rating 32 | 5 9 18 32 Average Rating 19 | 4 7 15 27 On Entrance 7 | . 5 7 18 Avg Prop Armor Cover (%) 5 | . . 5 . Naked Turns . | . . . . Heaviest Build 34 | 9 8 18 34 Greatest Support 32 | 20 20 20 32 Greatest Overweight (x) 11 | . . 1 11 Average Overweight (x) . | . . . . Largest Inventory Capacity 8 | 8 8 8 8 Average Capacity 7 | 5 6 8 7 Most Carried 8 | 5 8 8 8 Average Carried 7 | 2 4 7 7 Final Capacity 8 | 5 8 8 5 Final Carried 8 | 4 8 8 5 Class Distribution -------------------- 52% | Scavenger-Mutant 20% | Scavenger-Skirmisher 19% | Mutant 7% | Scavenger-Tank Dominant Class ---------------- Mutant | -10/Materials Scavenger-Mutant | -9/Materials Scavenger-Skirmisher | -8/Materials Resources | -11 -10 -9 -8 ----------- Run | Yrd Mat Mat Mat Matter Collected 1751 | 284 150 683 634 Remotely . | . . . . Salvage Created 2085 | 139 196 966 784 Parts 137 | 15 19 56 47 Haulers Intercepted . | . . . . Recyclers Shooed 1 | . 1 . . Parts Field Recycled . | . . . . Retrieved Matter . | . . . . Parts Self-Destructed . | . . . . Prevented . | . . . . Parts Restored . | . . . . Kills | -11 -10 -9 -8 ------- Run | Yrd Mat Mat Mat Combat Hostiles Destroyed 38 | . 6 16 16 Melee 1 | . . . 1 Guns 34 | . 6 16 12 AOE 3 | . . . 3 Classes Destroyed 12 | 2 4 3 3 Worker 5 | . . 2 3 Builder 2 | . 1 1 . Tunneler 4 | 4 . . . Recycler 2 | 1 . 1 . Mechanic 1 | . . . 1 Operator 3 | . 1 1 1 Watcher 3 | . . 3 . Swarmer 7 | . 3 . 4 Grunt 21 | . 3 11 7 Brawler 1 | . . . 1 Sentry 8 | . . 5 3 Specialist 1 | . . . 1 Best Kill Streak 7 | 5 3 7 6 Combat Bots Only 4 | . 3 4 4 Max Kills in Single Turn 3 | 1 1 1 3 Gunslinging 1 | . . . 1 Exploded 2 | . . . 2 Melee 1 | . . . 1 Uniques/NPCs Destroyed . | . . . . Combat | -11 -10 -9 -8 -------- Run | Yrd Mat Mat Mat Hostile Shots Fired 294 | . 21 53 220 Missed 83 | . 5 21 57 Hits 211 | . 16 32 163 Projectile 211 | . 16 32 163 Critical Strikes 8 | . . 2 6 Damage Taken 3167 | . 171 440 2556 Core 675 | . 36 53 586 Absorbed by Shields . | . . . . Regen/Repaired (Parts) 30 | . 12 18 . Core Remaining (%) 90 | 100 85 86 . Volleys Fired 185 | 12 32 65 76 Largest 3 | 2 2 2 3 Hottest 100 | 40 100 100 100 Shots Fired 370 | 24 61 120 165 Gun 358 | 24 58 115 161 Cannon . | . . . . Launcher 3 | . . . 3 Special 9 | . 3 5 1 Kinetic 358 | 24 58 115 161 Thermal 9 | . 3 5 1 Explosive . | . . . . Electromagnetic 3 | . . . 3 Robot Hit Streak 15 | 5 7 15 13 Robot Miss Streak 4 | 1 2 2 4 Penetration Max . | . . . . Secondary Targets 2 | . 1 . 1 Max Gunslinging Chain 1 | . 1 . 1 Shots Hit Robots 245 | 20 32 81 112 Core Hits 98 | 10 18 33 37 Critical Kills 2 | . . 1 1 Critical Parts Destroyed 3 | . 1 2 . Critical Strikes 8 | . 1 3 4 Destroy 5 | . 1 3 1 Sever 3 | . . . 3 Melee Attacks 18 | . . 2 16 Impact . | . . . . Slashing 11 | . . . 11 Piercing . | . . . . Sneak Attacks 5 | . . 2 3 Combat Hostiles . | . . . . Follow-up Attacks . | . . . . Damage Inflicted 3609 | 162 274 1244 1929 Guns 3316 | 162 274 1244 1636 Cannons . | . . . . Explosions 140 | . . . 140 Melee 153 | . . . 153 Ramming . | . . . . Kinetic 3316 | 162 274 1244 1636 Thermal 28 | . . . 28 Explosive . | . . . . Electromagnetic 112 | . . . 112 Impact . | . . . . Slashing 153 | . . . 153 Piercing . | . . . . Highest Corruption . | . . . . Average Corruption . | . . . . Corruption Purged . | . . . . Corruption Blocked . | . . . . Overload Shots . | . . . . Overflow Damage 8 | . . . 8 Projectiles . | . . . . Explosions 8 | . . . 8 Melee . | . . . . Knockbacks . | . . . . Impact . | . . . . Kinetic . | . . . . Secondary . | . . . . Self-Inflicted Damage 24 | . . . 24 Shots 2 | . . . 2 Rammed . | . . . . Targets Rammed . | . . . . Kicked . | . . . . Crushed . | . . . . Highest Temperature 33 | . 20 22 33 Average Temperature 6 | . 6 5 10 Received Heat Transfer 945 | . 72 243 630 Siege Activations . | . . . . Martial Activations . | . . . . Shielding Activations . | . . . . Robots Disrupted . | . . . . Combat Hostiles . | . . . . Robots Corrupted . | . . . . Combat Hostiles . | . . . . Parts Fried . | . . . . Impact Corruptions . | . . . . Robots Melted . | . . . . Combat Hostiles . | . . . . Parts Melted . | . . . . Heat Transferred 50 | . . . 50 Parts Sabotaged . | . . . . Parts Stolen . | . . . . Parts Stripped . | . . . . Power Chain Reactions 1 | . . . 1 Alert | -11 -10 -9 -8 ------- Run | Yrd Mat Mat Mat Maximum Alert Level 1 | . . 1 . Low Security (%) 91 | 100 100 82 100 Level 1 8 | . . 17 . Level 2 . | . . . . Level 3 . | . . . . Level 4 . | . . . . Level 5 . | . . . . High Security . | . . . . Max Security . | . . . . Peak Influence 292 | 10 104 292 195 Initial 109 | . . 39 109 Average 86 | 1 41 106 81 Influence Increases 1333 | 25 224 581 503 Destroy 0b10 Robot/C 760 | . 120 320 320 Destroy 0b10 Robot/NC 100 | 25 10 40 25 Destroy Leader 206 | . 20 116 70 Successful Hack 52 | . 27 8 17 Disable Machine 75 | . 15 15 45 Destroy Structure 20 | . 2 7 11 Lose Combat Pursuer 120 | . 30 75 15 Influence Decreases 1333 | 25 130 416 762 Entered New Map 205 | . . 55 150 Time Decay 944 | 25 120 351 448 Lost Part 184 | . 10 10 164 Squads Dispatched 8 | . . 4 4 Investigation 2 | . . 2 . Extermination . | . . . . Reinforcement 6 | . . 2 4 Assault . | . . . . Garrison . | . . . . Intercept . | . . . . Searches Triggered . | . . . . Construction Impeded . | . . . . Haulers Reinforced . | . . . . Active Scanning Responses . | . . . . Cargo Convoy Interrupts . | . . . . Stealth | -11 -10 -9 -8 --------- Run | Yrd Mat Mat Mat Distress Signals 2 | . 1 . 1 Communications Jammed . | . . . . Distress Signals . | . . . . Times Spotted 66 | . 12 27 27 Peak Tracking Total 6 | . 3 6 6 Tactical Retreats 7 | . 2 4 1 Traps | -11 -10 -9 -8 ------- Run | Yrd Mat Mat Mat Traps Triggered 1 | . . 1 . Indirectly . | . . . . Trap Hack Attempts . | . . . . Triggered . | . . . . Disarmed . | . . . . Reprogrammed . | . . . . Reused . | . . . . Traps Extracted . | . . . . Installed . | . . . . Triggered . | . . . . Objects Rigged 1 | . . . 1 Machines | -11 -10 -9 -8 ---------- Run | Yrd Mat Mat Mat Machines Disabled 5 | . 1 1 3 Max in Single Turn 1 | . 1 1 1 Machines Repaired . | . . . . Machines Dismantled . | . . . . Machines Sabotaged . | . . . . Overloaded Fab Kills . | . . . . Hacking | -11 -10 -9 -8 --------- Run | Yrd Mat Mat Mat Machines Accessed 12 | . 4 5 3 Terminals 10 | . 3 4 3 Fabricators . | . . . . Repair Stations 2 | . 1 1 . Recycling Units . | . . . . Scanalyzers . | . . . . Garrison Access . | . . . . Total Hacks 39 | . 10 17 12 Successful 22 | . 5 8 9 Failed 17 | . 5 9 3 Catastrophic 3 | . 1 1 1 Database Lockouts . | . . . . Manual 26 | . 5 14 7 Terminals 34 | . 8 14 12 Fabricators . | . . . . Repair Stations 5 | . 2 3 . Recycling Units . | . . . . Scanalyzers . | . . . . Garrison Access . | . . . . Terminal Hacks 7 | . 2 2 3 Branch Access Points 1 | . . . 1 Terminal Index 2 | . 1 1 . Zone Layout 4 | . 1 1 2 Fabricator Hacks . | . . . . Repair Station Hacks 5 | . 2 3 . Scan Component 3 | . 1 2 . Repair 2 | . 1 1 . Recycling Unit Hacks . | . . . . Scanalyzer . | . . . . Garrison Access Hacks . | . . . . Unauthorized Hacks 10 | . 1 3 6 Terminals 10 | . 1 3 6 Track 1 | . . . 1 Assimilate 1 | . . . 1 Botnet 3 | . . 2 1 Detonate 1 | . . . 1 Operators 4 | . 1 1 2 Fabricators . | . . . . Repair Stations . | . . . . Recycling Units . | . . . . Scanalyzers . | . . . . Garrison Access . | . . . . Data Cores Recovered . | . . . . Used . | . . . . Hacking Detections 10 | . 3 5 2 Full Trace Events 1 | . . 1 . Feedback Events . | . . . . Feedback Blocked . | . . . . Robot Schematics Acquired . | . . . . Robots Built . | . . . . Authchips . | . . . . Time . | . . . . Total Robot Build Rating . | . . . . Part Schematics Acquired . | . . . . Parts Built . | . . . . Authchips . | . . . . Time . | . . . . Total Part Build Rating . | . . . . Part Studies Acquired . | . . . . Parts Repaired 2 | . 1 1 . Time 64 | . 26 38 . Parts Recycled . | . . . . Recycled Matter . | . . . . Retrieved Matter . | . . . . Retrieved Components . | . . . . Parts Scanalyzed . | . . . . Part Schematics Acquired . | . . . . Parts Damaged . | . . . . Bothacking | -11 -10 -9 -8 ------------ Run | Yrd Mat Mat Mat Used RIF Installer . | . . . . Robots Hacked 3 | . . 1 2 Non-combat 3 | . . 1 2 Combat . | . . . . Robot Hacks Applied 4 | . . 2 2 no_distress 3 | . . 1 2 find_station 1 | . . 1 . Relay Couplers Released . | . . . . Fabnet Peak Effective % . | . . . . Robots Rewired . | . . . . Allies Hacked . | . . . . Hacks Repelled . | . . . . Allies | -11 -10 -9 -8 -------- Run | Yrd Mat Mat Mat Total Allies . | . . . . Largest Group . | . . . . Highest-Rated Group . | . . . . Highest-Rated Ally . | . . . . Total Orders . | . . . . Ally Attacks . | . . . . Total Damage . | . . . . Kills . | . . . . Allies Corrupted . | . . . . Allies Melted . | . . . . Intel | -11 -10 -9 -8 ------- Run | Yrd Mat Mat Mat Active Infowar (turns) 3478 | . 339 1647 1492 Optics 630 | . . 630 . Terrain 1572 | . 106 828 638 Structural 139 | . . . 139 Seismic 2009 | . 338 1415 256 Machine Analysis 1459 | . . . 1459 Robot Analysis Total . | . . . . Derelict Logs Recovered . | . . . . Drone Launches . | . . . . Drone Recoveries . | . . . . Exploration | -11 -10 -9 -8 ------------- Run | Yrd Mat Mat Mat Turns Passed 3586 | 108 339 1647 1492 Spaces Moved 1183 | 76 168 610 329 Core 16 | 3 . . 13 Treads . | . . . . Legs 683 | . . 367 316 Wheels 484 | 73 168 243 . Hover . | . . . . Flight . | . . . . Fastest Speed 50 | 50 80 80 50 Average Speed 110 | 78 80 105 142 Slowest Speed 600 | 80 80 190 600 Overloaded Moves . | . . . . Propulsion Burnouts . | . . . . Robots Hopped . | . . . . Potential Cave-ins . | . . . . Cave-ins Triggered . | . . . . Exploration Rate (%) 24 | 3 30 38 27 Regions Visited 3 Branch Regions . Pre-discovered Areas . | . . . . Known Exits Taken . | . . . . Unknown Exits Taken 3 | 1 1 1 . Scrap Searched . | . . . . Spaces Dug 11 | . 2 5 4 Terrain Destroyed 15 | . 2 5 8 Melee 3 | . . . 3 Projectile 8 | . 2 5 1 AOE 4 | . . . 4 Terrain Rammed . | . . . . Walls Destroyed . | . . . . Machines Disabled . | . . . . Actions | -11 -10 -9 -8 --------- Run | Yrd Mat Mat Mat Total 3109 | 103 313 1496 1197 Wait 1587 | . 90 773 724 Move 1180 | 75 167 609 329 Hop . | . . . . Pick Up 27 | 6 7 7 7 Fast Attach 24 | 6 1 7 10 Attach 10 | . 3 4 3 Detach 6 | 1 1 3 1 Swap 47 | . 9 16 22 Drop 25 | 3 3 10 9 Fire 185 | 12 32 65 76 Melee 18 | . . 2 16 Ram . | . . . . Kick . | . . . . Crush . | . . . . Escape Stasis . | . . . . Rewire . | . . . . Trap . | . . . . Miscellaneous . | . . . . Route ------- -11/Scrapyard -10/Materials (discovered 2 exits: *Mat x2) -9/Materials -8/Materials (discovered 1 exit: [*Fac]) History --------- Turn | Location | Event 8 | -11/Scrapyard | Discovered new exit (range 15) 109 | -11/Scrapyard | Entered Materials 254 | -10/Materials | Repaired Wheel 320 | -10/Materials | Build established: Mutant 368 | -10/Materials | Discovered new exit (range 10) 431 | -10/Materials | Discovered new exit (range 15) 448 | -10/Materials | Entered another Materials area 448 | -9/Materials | Evolved 2 slots: Utility x2 910 | -9/Materials | Build established: Scavenger-Mutant 1687 | -9/Materials | Discovered new exit (range 4) 2001 | -9/Materials | Repaired Imp. Terrain Scanner 2095 | -9/Materials | Entered another Materials area 2095 | -8/Materials | Evolved 2 slots: Utility x1, Weapon x1 2613 | -8/Materials | Build established: Scavenger-Skirmisher 3227 | -8/Materials | Discovered new exit (range 19) 3477 | -8/Materials | Core integrity fell below 50% 3499 | -8/Materials | Lost 8 parts (1p2n2u3w) 3566 | -8/Materials | Core integrity fell below 20% 3587 | -8/Materials | Destroyed by H-61 Shepherd with Heavy Assault Cannon Last Messages --------------- 03565_ U-05 Engineer builds a Door. 03565_ Slug penetrates Wall. 03565_ Knocked back. 03566_ Acquired 3 matter. 03567_ Acquired 2 matter. 03567_ Slug penetrates Atomic Centrifuge. 03569_ U-05 Engineer builds a Wall. 03570_ Slug penetrates Wall. 03571_ Penetrated by Slug. 03571_ Knocked back. 03573_ Hrd. Medium Armor Plating destroyed. 03573_ Knocked back. 03574_ Acquired 10 matter. 03574_ Penetrated by Slug. 03574_ Sml. Storage Unit destroyed. 03574_ Hrd. Medium Armor Plating destroyed. 03574_ Penetrated by Slug. 03584_ Slug penetrates Wall. 03586_ X-62 Marksman Imp. Deuterium Engine severed. 03587_ Axe destroyed. Map ----- +----------------------------------------------------+ | ??????"""? ? + """ "T" # =[!# #????? | | ??????"""??### """ # ! # ##########?????? | | ??????"""??### """ # = ### #####???#?#??????? | | ???????????## # ### ##?????#?????????? | | ? ???????? ?##== ######## ###?#????##??????? | | ? ?# ###=[ ! + ##??? ? ?????????? | | # ########## # ### ?? """??????? | | # ###+####### ### """??????? | | # *% # """??????? | | # *% = + ????????? | | # "T"/%* = # """??????? | | # =] ###/######+#### """??????? | | ????#### =# !=[ # ## """??????? | | ?????### # = = # ###### ????????? | | ??????## " = =# / # # #########????????? | | ??????## " *!# * # ###?????????????? | | ??????## # # ##??????????????? | | ??????## ! " # ! # # # #???????????????? | | ??????## %"####### #???????????????? | | ??????## k######## ?????????????????? | | ???????# ##########???#????????????? | | ???????# # ##?#????????????????? | | ???????# # T/ #?#??#????#?????????? | | ???????# # % #??##???#???????????? | | ???????############# # ! #????#??????????????? | | ????????############u #!@ #??????#????????????? | | ?????????########### #x*"" #???????????????????? | | ???????? ! # u#H"""x#????????#??????????? | | ???????? ! # #r #????#??????#???????? | | ???????? # # #??????#??##?#??????? | | ???????? + % + ! #???????????????????? | | ???????? # # [ #? ? ???????????????? | | ?????????? # # ![ #????????##?????????? | | ??????????########## #######??????????#??#?????? | | ??????????????????# ########## ####??????????? | | ??????????????????# #???#??????? | | ?????????????#????# " < #???#??????? | | ??????????????????# #??#???????? | | ??????????????????# ###+##"######???#????????? | | ?????????????????########???? ????? ?????????????? | | ??????????????????#??????????????????????????????? | | ????????????????#?????????????????? ?????????????? | | ????????????????????##???????? ????? #???????????? | | ?????????????????????????????????? ??????????????? | | ???????????????????????#??????????#??????????????? | | | | | | | | | | | +----------------------------------------------------+ Best States ------------- Heat Dissipation 50 Energy Generation 14 Energy Capacity 280 Matter Stores 300 Matter Capacity 300 Sight Range 18 Terrain Scan Range 16 Terrain Scan Density 10 Armor Coverage 450 Evasion (%) 55 Offensive Hacking 10 Item Schematics ----------------- None Robot Schematics ------------------ None Fabricated ------------ Nothing Repaired ---------- Wheel | 70% | -10/Materials Imp. Terrain Scanner | 18% | -9/Materials Studied --------- None Alien Tech Used ----------------- None Achievements -------------- None Challenges ------------ None Game ------ Seed BlinkSuspensionBasin Manual? 0 Play Time 00:33:42 Cumulative 270.1 hours Start 2026.07.17 @ 11:46:31 End 2026.07.17 @ 12:19:21 Sessions 1 Manual Loads 0 Difficulty Rogue Special Mode None Game No. 419 Rogue 419 Adventurer 0 Explorer 0 Win Type - Total 0 Types 0/0/0/0/0/0/0/0/0/0 Lore% 51 Gallery% 50 Achievement% 31 Wizard Run 0 Options --------- Layout 0 ASCII 0 Keyboard 1 Movement Numpad Keybinds 0 Fullscreen 1 Font 18/SmallcapsGlow Map View 76x50 Zoom Use 0% Tactical HUD 1 Map Filters NONE Filters NONE Steam 1 RUN: 7323bb9f-1817-4ead-9641-927db9d0c479